 Dungeon Crawl Stone Soup version 0.13-a0-2923-g04ac8d1 (webtiles) character file.

66109 4tharraofdagon the Severer (level 14, -15/133 HPs)
             Began as a Deep Dwarf Berserker on Sept 2, 2013.
             Was a Priest of Trog.
             Killed from afar by a deep elf annihilator (36 damage)
             ... with a poison arrow
             ... on Level 3 of the Elven Halls.
             The game lasted 01:14:49 (7657 turns).

4tharraofdagon the Severer (Deep Dwarf Berserker)   Turns: 7657, Time: 01:14:49

HP -15/133       AC 21     Str 26      XL: 14   Next: 74%
MP   9/9         EV  7     Int  7 (8)  God: Trog [***...]
Gold 935         SH  0     Dex 12      Spells:  0 memorised, 13 levels left

Res.Fire  : + . .   See Invis. : +   U - +5 dwarf battleaxe (antimagic)
Res.Cold  : . . .   Warding    : .   O - +2 orc plate armour {rF+}
Life Prot.: + . .   Conserve   : .   (no shield)
Res.Poison: .       Res.Corr.  : .   o - +0 helmet
Res.Elec. : .       Clarity    : .   b - +0 cloak
Sust.Abil.: + .     Spirit.Shd : .   (no gloves)
Res.Mut.  : .       Rnd.Telep. : +   (no boots)
Res.Rott. : .       Flight     : .   (no amulet)
Saprovore : . . .                    I - ring of sustain abilities
                                     f - cursed ring of see invisible

@: non-regenerating, exhausted, very poisoned, slowed, very slow,
extraordinarily resistant to hostile enchantments, extremely unstealthy
A: damage resistance, recharge devices, life protection 1, sense surroundings 2,
slow healing 3, slow metabolism 1, teleportitis 1
a: Device Recharging, Burn Spellbooks, Berserk, Trog's Hand, Renounce Religion


You were on level 3 of the Elven Halls.
You worshipped Trog.
Trog was greatly pleased with you.
You were not hungry.

You visited 4 branches of the dungeon, and saw 20 of its levels.
You visited the Abyss 1 time.
You also visited: Labyrinth.

You collected 1591 gold pieces.
You spent 676 gold pieces at shops.

Inventory:

Hand weapons
 e - a +1,+1 battleaxe
 r - a +2 blowgun
 x - a -1,+0 orcish battleaxe
 N - a -1,+0 orcish battleaxe
 U - a +5,+5 dwarven anti-magic battleaxe (weapon)
Missiles
 p - 8 curare-tipped needles
 C - 3 darts of dispersal (quivered)
Armour
 b - a +0 cloak (worn)
 o - a +0 helmet (worn)
 O - a +2 orcish plate armour of fire resistance (worn)
 S - a +2 plate armour of positive energy
Magical devices
 c - a wand of heal wounds (6)
 h - a wand of cold (3)
 l - a wand of teleportation (2) {unknown}
 n - a wand of slowing (13) {unknown}
 t - a wand of cold (6)
 v - a wand of teleportation (0) {unknown}
 y - a wand of confusion (11) {unknown}
 B - a wand of draining (1)
 G - a wand of enslavement (15) {unknown}
 J - a wand of slowing (9) {unknown}
 L - a wand of confusion (10) {unknown}
 Q - a wand of lightning (8)
 R - a wand of lightning (2)
 W - a wand of disintegration (3)
Comestibles
 a - 2 chunks of elf flesh
 d - a bread ration
 u - a rotting chunk of elf flesh
 E - 2 rotting chunks of elf flesh
 P - 3 chunks of elf flesh
 Y - a meat ration
Scrolls
 k - a scroll of fear
 s - 2 scrolls of recharging
 K - a scroll of fog
Jewellery
 f - a cursed ring of see invisible (left hand)
 j - an uncursed ring of ice
 D - an uncursed ring of invisibility
 H - an uncursed ring of wizardry
 I - a ring of sustain abilities (right hand)
 M - an uncursed ring of magical power
Potions
 i - 5 potions of restore abilities
 q - 2 potions of curing
 w - a potion of confusion
 A - a potion of degeneration
 F - a potion of might
Books
 m - a book of Power

   Spells                             Type                      Level
   Iskenderun's Mystic Blast          Conjuration                  4
   Venom Bolt                         Conjuration/Poison           5
   Bolt of Magma                      Conjuration/Fire/Earth       5
   Fulminant Prism                    Conjuration/Hexes            5
   Iron Shot                          Conjuration/Earth            6
   Orb of Destruction                 Conjuration                  7
   Trog disapproves of the use of such an item.
Rods
 z - a +2 rod of striking (6/6)
   (You took it off a minotaur in a labyrinth)


   Skills:
 + Level 12.1 Fighting
 * Level 18.6 Axes
 + Level 13.6 Armour
 - Level 2.1 Dodging
 - Level 10.0 Evocations


You had 13 spell levels left.
You didn't know any spells.

Dungeon Overview and Level Annotations

Branches:
Dungeon (12/27)            Temple (1/1) D:7             Orc (4/4) D:8
    Elf (3/3) Orc:4          Lair (0/8) D:10

Altars:
Ashenzari
Cheibriados
Kikubaaqudgha
Makhleb
Nemelex Xobeh
Sif Muna
Trog
Zin
the Shining One

Shops:
Orc:2 *   Orc:4 //*(+   Elf:3 /


Innate Abilities, Weirdness & Mutations

You are resistant to damage.
You can recharge devices by infusing magical energy.
You resist negative energy.
You passively map the area around you.
You do not heal naturally.
You have a slow metabolism.
Space occasionally distorts in your vicinity.


Message History

You are poisoned.
* * * LOW HITPOINT WARNING * * *
Unknown command.
Unknown command.
Evoke which item? (* to show all) (? for menu, Esc to quit)
Okay, then.
Drink which item? (? for menu, Esc to quit)
Okay, then.
Evoke which item? (* to show all) (? for menu, Esc to quit)
Zapping:
c - a wand of heal wounds (7)
Press: ? - help, Shift-Dir - straight line, f - you You feel much better.
This wand has 6 charges left.
You feel a little better.
The deep elf annihilator gestures at you while chanting.
The iron shot hits you!
* * * LOW HITPOINT WARNING * * *
The deep elf annihilator points at you and mumbles some strange words.
The poison arrow hits you!
You are more poisoned.
You die...

## ##.## ##.......## *
.########...####.........## *,* *
........(.....(')........'. ,,,
.########...####.........# *#.#
## #.......## ##.......## #..* #
#.#####.## ##.....## #.#
####.####...# ##...## #.###
.....##.....# #####'## #....
###..##.#...# #@#)#(# #....
#..##.##.## ##e#[.# #.##.
###........#####.###e##### #.##.
....###.........###......####....
###.# #########.##..e............
# ### ######.############ #
##.......## .# ###.........###*
## #...........e.# **


You could see a deep elf annihilator.

Vanquished Creatures
  A deep elf blademaster (Elf:3)
  2 deep elf master archers (Elf:3)
  6 deep elf sorcerers (Elf:3)
  The ghost of Kabixx the Eclecticist, a mighty DsWz of Vehumet (Elf:3)
  3 deep elf demonologists (Elf:3)
  7 deep elf annihilators
  An ettin (Orc:4)
  3 deep elf death magi (Elf:3)
  A minotaur (Lab)
  5 deep elf high priests (Elf:3)
  Erica (D:10)
  3 orc high priests (Orc:4)
  12 deep elf knights
  An unseen horror (D:10)
  6 orc knights
  A hill giant (D:10)
  Erolcha (D:9)
  4 orc sorcerers (Orc:4)
  11 deep elf conjurers
  A deep elf summoner (Elf:3)
  An item mimic (Orc:2)
  Psyche (Orc:4)
  A smoke demon (Orc:4)
  An ancient zyme (Abyss:1)
  A red devil (Elf:3)
  2 iron devils
  A hellwing (Orc:4)
  3 deep elf priests
  A blue devil (Orc:4)
  4 trolls
  A raven (D:11)
  A redback (Elf:3)
  7 deep elf magi
  8 yaks (D:9)
  A trapdoor spider (D:11)
  3 ynoxinuls
  A hungry ghost (D:8)
  A neqoxec (Orc:4)
  10 deep elf fighters
  A hippogriff (D:11)
  A manticore (D:11)
  4 wolves (Orc:2)
  Edmund (D:6)
  20 orc warriors
  2 sky beasts
  2 giant goldfish (D:6)
  4 ice beasts
  A yellow wasp (D:9)
  A phantom (D:11)
  6 ogres
  A black bear (D:6)
  2 boring beetles (D:10)
  2 centaurs
  16 big kobolds (Orc:1)
  2 lost souls (Elf:3)
  A water moccasin (D:11)
  11 wargs
  2 giant frogs
  2 manticore skeletons
  A cyclops skeleton (D:11)
  12 wights (D:7)
  5 killer bees (D:9)
  2 jellyfish (D:6)
  3 crimson imps
  23 orc priests
  A big fish (D:6)
  4 hounds
  5 worker ants
  37 orc wizards
  2 killer bee zombies
  A crocodile skeleton (D:7)
  2 mummies
  3 adders
  A giant mite (D:6)
  2 worms
  A giant eyeball (D:10)
  167 orcs
  5 bats
  A bat zombie (D:6)
  3 giant cockroaches
  9 hobgoblins
  6 jackals
  13 kobolds
  A quokka (D:3)
  2 giant newts
  16 goblins
  4 orc skeletons
  7 rats
  A fungus (Orc:1)
542 creatures vanquished.

Vanquished Creatures (others)
  A deep elf fighter (Elf:3)
  A worker ant (D:11)
  An orc (Orc:4)
  A plant (D:6)
4 creatures vanquished.

Grand Total: 546 creatures vanquished

Notes
Turn   | Place    | Note
--------------------------------------------------------------
     0 | D:1      | 4tharraofdagon, the Deep Dwarf Berserker, began the quest for the Orb.
     0 | D:1      | Reached XP level 1. HP: 21/21 MP: 0/0
   283 | D:3      | Reached XP level 2. HP: 17/28 MP: 1/1
   338 | D:3      | Reached skill level 4 in Axes
   394 | D:4      | Reached XP level 3. HP: 18/36 MP: 2/2
   400 | D:4      | Acquired Trog's second power
   475 | D:5      | Entered Level 5 of the Dungeon
   480 | D:5      | Reached XP level 4. HP: 35/43 MP: 3/3
   485 | D:5      | Reached skill level 5 in Axes
   485 | D:5      | Reached XP level 5. HP: 36/50 MP: 4/4
   699 | D:6      | Noticed a giant goldfish
   699 | D:6      | Noticed a giant goldfish
   716 | D:6      | Killed a giant goldfish
   716 | D:6      | Reached skill level 6 in Axes
   716 | D:6      | Reached XP level 6. HP: 58/58 MP: 5/5
   718 | D:6      | Killed a giant goldfish
   778 | D:6      | Noticed a giant goldfish
   817 | D:6      | Noticed an ogre
   826 | D:6      | Killed an ogre
   826 | D:6      | Reached XP level 7. HP: 64/64 MP: 6/6
   871 | D:6      | Noticed an ogre
   872 | D:6      | Noticed an orc warrior
   873 | D:6      | Noticed an ice beast
   883 | D:6      | Noticed Edmund
   886 | D:6      | Noticed a black bear
   894 | D:6      | Killed an ogre
   894 | D:6      | Reached skill level 7 in Axes
   898 | D:6      | Killed a black bear
   901 | D:6      | Killed Edmund
   901 | D:6      | Reached skill level 5 in Armour
   901 | D:6      | Killed an ice beast
   935 | D:6      | Reached skill level 5 in Fighting
   935 | D:6      | Reached skill level 8 in Axes
   935 | D:6      | Reached XP level 8. HP: 57/74 MP: 7/7
   957 | D:6      | Got a jewelled long sword
  1003 | D:6      | Killed an orc warrior
  1211 | D:7      | Reached skill level 9 in Axes
  1215 | D:7      | Found a staircase to the Ecumenical Temple.
  1229 | Temple   | Entered the Ecumenical Temple
  1355 | D:7      | Gained mutation: You passively map the area around you. [level up]
  1355 | D:7      | Reached XP level 9. HP: 81/81 MP: 8/8
  1395 | D:7      | Reached skill level 10 in Axes
  1622 | D:8      | Acquired Trog's third power
  1769 | D:9      | Noticed Erolcha
  1779 | D:9      | Killed Erolcha
  1779 | D:9      | Reached skill level 11 in Axes
  1787 | D:9      | Gained mutation: You have a slow metabolism. [mutagenic meat]
  1846 | D:10     | Entered Level 10 of the Dungeon
  1846 | D:10     | Noticed Erica
  1936 | D:11     | Reached XP level 10. HP: 67/91 MP: 9/9
  2224 | D:11     | Reached skill level 12 in Axes
  2326 | D:10     | Killed Erica
  2454 | D:10     | Found a staircase to the Lair.
  2499 | D:10     | Noticed an unseen horror
  2521 | D:10     | Killed an unseen horror
  2561 | D:10     | Paralysed by a giant eyeball for 4 turns
  2571 | D:10     | Noticed a hill giant
  2582 | D:10     | Killed a hill giant
  2582 | D:10     | Reached skill level 13 in Axes
  2699 | D:9      | Reached XP level 11. HP: 52/100 MP: 10/10
  2731 | D:9      | Gained mutation: Space occasionally distorts in your vicinity. [mutagenic meat]
  2747 | D:9      | :(
  2800 | D:8      | Found a staircase to the Orcish Mines.
  2810 | Orc:1    | Entered Level 1 of the Orcish Mines
  3152 | Orc:2    | Found Friowot's Assorted Antiques.
  3168 | Orc:2    | Reached skill level 10 in Armour
  3198 | Orc:2    | Bought a scroll labeled SHIFAU NASKY for 31 gold pieces
  3198 | Orc:2    | Bought a scroll labeled POMYOXKIUDI for 31 gold pieces
  3219 | Orc:2    | Reached skill level 14 in Axes
  3793 | Orc:1    | Misa: inb4 Trog will send you a crossbow
  3970 | Orc:3    | 4tharraofdagon: yea
  3970 | Orc:3    | 4tharraofdagon: its most likely to be some obselete shit
  3971 | Orc:4    | Entered Level 4 of the Orcish Mines
  3974 | Orc:4    | Found a staircase to the Elven Halls.
  3991 | Orc:4    | Found a labyrinth entrance.
  4038 | Orc:4    | Received a gift from Trog
  4048 | Orc:4    | 4tharraofdagon: eh
  4051 | Orc:4    | 4tharraofdagon: i dont have impressive shit anyway
  4052 | Lab      | Entered a labyrinth
  4419 | Lab      | 4tharraofdagon: i smell tele
  4545 | Lab      | 4tharraofdagon: this is gross
  4728 | Lab      | Noticed a minotaur
  4735 | Lab      | Killed a minotaur
  4806 | Orc:4    | Identified a cursed +2 rod of striking (6/6) (You took it off a minotaur in a labyrinth)
  4851 | Orc:4    | Found Twuud's Book Emporium.
  4885 | Orc:4    | Noticed an ettin
  4925 | Orc:4    | Noticed Psyche
  4936 | Orc:4    | Killed Psyche
  4942 | Orc:4    | Killed an ettin
  4942 | Orc:4    | Reached skill level 1 in Evocations
  4942 | Orc:4    | Reached XP level 12. HP: 111/111 MP: 10/14
  5316 | Orc:4    | Reached skill level 15 in Axes
  5436 | Orc:4    | Noticed an orc high priest
  5438 | Orc:4    | 4tharraofdagon: eh
  5438 | Orc:4    | 4tharraofdagon: ill die
  5438 | Orc:4    | 4tharraofdagon: no dig :*
  5456 | Orc:4    | Killed an orc high priest
  5468 | Orc:4    | Misa: come back later may be?
  5482 | Orc:4    | 4tharraofdagon: i cant
  5487 | Orc:4    | 4tharraofdagon: this is waste of time
  5519 | Orc:4    | 4tharraofdagon: two million of wands and no dig/disint
  5621 | Orc:4    | Reached skill level 10 in Fighting
  5626 | Orc:4    | Noticed an orc high priest
  5632 | Orc:4    | 4tharraofdagon: rip
  5634 | Orc:4    | Killed an orc high priest
  5708 | Orc:4    | Noticed an orc high priest
  5722 | Orc:4    | Received a gift from Trog
  5739 | Orc:4    | Killed an orc high priest
  5739 | Orc:4    | Reached skill level 5 in Evocations
  5766 | Orc:4    | Misa: nice
  5772 | Orc:4    | 4tharraofdagon: i will die in elf
  5816 | Orc:3    | 4tharraofdagon: summons will eat me
  5885 | Orc:4    | Found Lauv's Antique Weapon Boutique.
  5889 | Orc:4    | Found Oha Mial's Magical Wand Emporium.
  5894 | Orc:4    | Found Timaitisi's Magical Wand Emporium.
  5895 | Orc:4    | 4tharraofdagon: oh
  5895 | Orc:4    | 4tharraofdagon: at the time
  5895 | Orc:4    | Bought a wand of disintegration (8) for 180 gold pieces
  5897 | Orc:4    | Found Izuasm's General Store.
  5916 | Orc:4    | Bought 2 potions of heal wounds for 84 gold pieces
  5916 | Orc:4    | Bought a scroll of teleportation for 42 gold pieces
  5916 | Orc:4    | Bought a scroll of recharging for 77 gold pieces
  5916 | Orc:4    | Bought 3 scrolls of enchant weapon II for 231 gold pieces
  5973 | Elf:1    | Entered Level 1 of the Elven Halls
  5975 | Elf:1    | Noticed a deep elf annihilator
  5983 | Elf:1    | Killed a deep elf annihilator
  5985 | Elf:1    | Reached skill level 16 in Axes
  6093 | Elf:1    | HP: 5/112 [deep elf priest/divine providence (10)]
  6096 | Elf:1    | Reached XP level 13. HP: 30/121 MP: 7/22
  6141 | Elf:1    | Misa: I wish you can evoke antimagic axe for silence aura, sigh.
  6202 | Elf:1    | 4tharraofdagon: that would be awsome
  6267 | Elf:3    | Entered Level 3 of the Elven Halls
  6325 | Elf:3    | Noticed a deep elf master archer
  6328 | Elf:3    | Noticed a deep elf demonologist
  6328 | Elf:3    | Noticed a deep elf demonologist
  6342 | Elf:3    | Killed a deep elf master archer
  6348 | Elf:3    | Killed a deep elf demonologist
  6353 | Elf:3    | Killed a deep elf demonologist
  6383 | Elf:3    | Noticed a deep elf sorcerer
  6392 | Elf:3    | Killed a deep elf sorcerer
  6446 | Elf:3    | Reached skill level 17 in Axes
  6456 | Elf:3    | Noticed a deep elf sorcerer
  6469 | Elf:3    | Killed a deep elf sorcerer
  6489 | Elf:3    | Noticed a deep elf annihilator
  6509 | Elf:3    | Killed a deep elf annihilator
  6520 | Elf:3    | 4tharraofdagon: why im so slow here
  6520 | Elf:3    | 4tharraofdagon: im usually ending elf3 at 5k turn :(
  6539 | Elf:3    | Noticed a deep elf sorcerer
  6543 | Elf:3    | Noticed a deep elf annihilator
  6548 | Elf:3    | Killed a deep elf annihilator
  6556 | Elf:3    | Cast into the Abyss (deep elf sorcerer)
  6566 | Abyss:1  | Misa: oops
  6630 | Elf:3    | Escaped the Abyss
  6638 | Elf:3    | Killed a deep elf sorcerer
  6649 | Elf:3    | Noticed a deep elf annihilator
  6657 | Elf:3    | Noticed a deep elf master archer
  6667 | Elf:3    | Killed a deep elf annihilator
  6675 | Elf:3    | Killed a deep elf master archer
  6675 | Elf:3    | Gained mutation: You resist negative energy. [level up]
  6675 | Elf:3    | Reached XP level 14. HP: 130/130 MP: 8/26
  6744 | Elf:3    | Noticed a deep elf sorcerer
  6745 | Elf:3    | Noticed a deep elf annihilator
  6786 | Elf:3    | Killed a deep elf annihilator
  6788 | Elf:3    | Killed a deep elf sorcerer
  6788 | Elf:3    | Reached skill level 10 in Evocations
  6826 | Elf:3    | Noticed a deep elf sorcerer
  6850 | Elf:3    | Killed a deep elf sorcerer
  6868 | Elf:3    | Noticed a deep elf sorcerer
  6887 | Elf:3    | Killed a deep elf sorcerer
  6923 | Elf:3    | Noticed a deep elf annihilator
  6979 | Elf:3    | Killed a deep elf annihilator
  7104 | Elf:3    | Reached skill level 18 in Axes
  7206 | Elf:3    | Noticed a deep elf blademaster
  7206 | Elf:3    | Noticed a deep elf master archer
  7208 | Elf:3    | Noticed a deep elf blademaster
  7211 | Elf:3    | Noticed a deep elf demonologist
  7211 | Elf:3    | Noticed a deep elf sorcerer
  7211 | Elf:3    | Noticed a deep elf demonologist
  7214 | Elf:3    | Noticed an Ice Fiend
  7255 | Elf:3    | Found Klunlau's Magical Wand Boutique.
  7258 | Elf:3    | Noticed Kabixx's ghost (mighty DsWz)
  7312 | Elf:3    | Killed Kabixx's ghost
  7401 | Elf:3    | Tolias: soon, elf 3 in 2k turns :]
  7411 | Elf:3    | Killed a deep elf demonologist
  7428 | Elf:3    | 4tharraofdagon: i was aiming 5k argh!
  7580 | Elf:3    | Noticed a deep elf annihilator
  7604 | Elf:3    | Killed a deep elf annihilator
  7638 | Elf:3    | Killed a deep elf blademaster
  7652 | Elf:3    | Noticed a deep elf annihilator
  7657 | Elf:3    | Killed from afar by a deep elf annihilator

Action                   |  1- 3 |  4- 6 |  7- 9 | 10-12 | 13-15 || total
-------------------------+-------+-------+-------+-------+-------++-------
Melee: Hand axe          |    55 |    83 |    71 |       |       ||   209
       Battleaxe         |       |       |   139 |   703 |   402 ||  1244
Throw: Javelin           |       |       |       |     1 |       ||     1
Invok: Berserk           |     2 |     3 |     7 |    18 |     4 ||    34
       Trog's Hand       |     1 |     4 |    11 |    51 |    34 ||   101
Evoke: Wand              |       |       |       |     6 |     7 ||    13
  Use: Scroll            |       |       |     7 |     5 |    13 ||    25
       Potion            |       |       |       |     4 |     3 ||     7
